 Dungeon Crawl Stone Soup version 0.30-a0-824-g6c64550be9 (webtiles) character file.

Game seed: 12137349507467664282

89 Darius099 the Chopper (level 4, -11/39 HPs)
             Began as a Minotaur Fighter on Feb 27, 2023.
             Killed by divine providence
             ... invoked by an orc priest
              (13 damage)
             ... on level 3 of the Dungeon.
             The game lasted 00:02:52 (1787 turns).

Darius099 the Chopper (Minotaur Fighter)            Turns: 1787, Time: 00:02:52

Health: -11/39     AC: 10    Str: 22    XL:     4   Next: 31%
Magic:  3/3        EV:  9    Int:  5    God:
Gold:   81         SH:  4    Dex: 10    Spells: 3/3 levels left

rFire   . . .      SeeInvis .    a - +0 war axe
rCold   . . .      Faith    +    c - +0 buckler
rNeg    . . .      Spirit   .    b - +0 scale mail
rPois   .          Reflect  .    (helmet restricted)
rElec   .          Harm     .    (no cloak)
rCorr   .          Rampage  .    (no gloves)
Will    .....                    (no boots) Stlth
                                 n - amulet of faith
HPRegen 0.26/turn                l - +4 ring of protection
MPRegen 0.08/turn                (no ring)

@: no status effects
A: horns 2, retaliatory headbutt
a: no special abilities


You were on level 3 of the Dungeon.
You visited 1 branch of the dungeon, and saw 3 of its levels.

You collected 81 gold pieces.

Inventory:

Hand Weapons
 a - a +0 war axe (weapon)
Missiles
 o - 33 stones (quivered)
 r - 2 boomerangs
Armour
 b - a +0 scale mail (worn)
 c - a +0 buckler (worn)
Jewellery
 l - a +4 ring of protection (left hand)
 n - an amulet of faith (around neck)
Scrolls
 e - 2 scrolls of poison {unknown}
 g - a scroll of identify {unknown}
 h - a scroll of fear {unknown}
 i - a scroll of teleportation {unknown}
 m - a scroll of enchant weapon {unknown}
 p - a scroll of amnesia {unknown}
 s - a scroll of brand weapon {unknown}
 u - a scroll of immolation {unknown}
Potions
 d - 2 potions of might
 f - 2 potions of curing {unknown}
 j - 2 potions of lignification {unknown}
 k - a potion of brilliance {unknown}
 q - a potion of heal wounds {unknown}
 t - a potion of haste {unknown}


   Skills:
 - Level 3.6 Fighting
 + Level 5.6 Axes
 - Level 3.6 Armour
 - Level 3.6 Shields


You had 3 spell levels left.
You didn't know any spells.
Your spell library was empty.

Dungeon Overview and Level Annotations

Branches:
Dungeon (3/15)

Altars:

Shops:
D:3 =


Innate Abilities, Weirdness & Mutations

You have a pair of horns on your head.
You reflexively headbutt those who attack you in melee.


Message History

You hit the orc but do no damage. You closely miss the orc.
The orc barely misses you. The orc hits you but does no damage.
The orc completely misses you.
The orc priest mumbles some strange prayers to Beogh against you.
Beogh smites you! The orc hits you with a +0 dagger.
The orc hits you but does no damage. The orc completely misses you.
You furiously retaliate!
You headbutt the orc!
You kill the orc!
You hit the orc but do no damage.
The orc is moderately wounded.
You slash the orc!
You kill the orc!
The orc hits you but does no damage.
The orc priest calls down the wrath of Beogh upon you.
Pain shoots through your body!
You are too injured to fight recklessly!
You slash the orc!
You kill the orc!
An orc comes into view. It is wielding a +0 hand axe.
The orc shouts!
The orc priest hits you with a +0 hand axe.
* * * LOW HITPOINT WARNING * * *
You see here a +0 dagger.
You closely miss the orc priest.
The orc priest hits you with a +0 hand axe.
* * * LOW HITPOINT WARNING * * *
You block the orc priest's attack.
You hit the orc priest.
The orc priest is moderately wounded.
You barely miss the orc. The orc hits you with a +0 hand axe.
* * * LOW HITPOINT WARNING * * *
The orc priest completely misses you. You furiously retaliate!
You headbutt the orc priest! You barely miss the orc priest.
The orc priest is almost dead.
You closely miss the orc. The orc barely misses you. You furiously retaliate!
You headbutt the orc.
The orc priest invokes the aid of Beogh against you.
Beogh smites you!
You die...

... .. ... !.# #.# #>#
#.# # ## #.# #.# .
##8###.# ♣#♣#♣.# #.
#..[.#.#####....<###PP
##..#.....♣.♣#♣..#..♣
#..o@.#.#....##.#.#.♣
##.o#.#.#.♣.♣..###.#P
#....#.#.#....##.#...#
##8###.#.##.#...#.###.
## #..#.##...........
#......##.....####
#......#.#..#.#
#.......###.#.####
#......#.#....<...


You could see an orc priest and an orc.

Vanquished Creatures
  Robin (D:2)
  3 adders
  2 worms (D:2)
  3 orcs (D:3)
  3 endoplasms (D:2)
  6 goblins
  9 hobgoblins
  4 jackals (D:1)
  3 kobolds
  2 ball pythons
  A bat (D:1)
  3 frilled lizards
  2 rats (D:1)
42 creatures vanquished.

Vanquished Creatures (others)
  2 plants (D:3)
2 creatures vanquished.

Grand Total: 44 creatures vanquished

Notes
Turn   | Place    | Note
-------+----------+-------------------------------------------
     0 | D:1      | Darius099 the Minotaur Fighter began the quest for the Orb.
     0 | D:1      | Reached XP level 1. HP: 19/19 MP: 0/0
    22 | D:1      | Reached skill level 3 in Axes
   151 | D:1      | Reached XP level 2. HP: 26/26 MP: 1/1
   868 | D:2      | Reached skill level 4 in Axes
   869 | D:2      | Reached XP level 3. HP: 19/31 MP: 2/2
  1404 | D:2      | Identified the +1 helmet "Unadil" {Int+5}
  1404 | D:2      | Noticed Robin
  1407 | D:2      | Reached skill level 5 in Axes
  1417 | D:2      | Killed Robin
  1418 | D:2      | Reached XP level 4. HP: 18/39 MP: 0/3
  1682 | D:3      | Found Qaotimur's Jewellery Shop.
  1786 | D:3      | HP: 1/39 [orc/+0 hand axe (4)]
  1787 | D:3      | Killed from afar by an orc priest

Illustrated notes

Levels and vault maps discovered:
D:1:      minmay_arrival_diagonal_passages, layout_basic, minmay_hexomino_u4
D:2:      layout_basic, supply_closet_lemuel, uniq_robin
D:3:      layout_loops_ring, hellmonk_ecumenical_altar_blasted, serial_shops,
          nicolae_shop_waterfront, serial_forest,
          infiniplex_forest_clump_curved, infiniplex_forest_clump_long,
          infiniplex_forest_lined_4_way, infiniplex_forest_end_double,
          infiniplex_forest_lined_corner, infiniplex_forest_straight_1,
          infiniplex_forest_diagonal, pf_guarded_unrand_meek

Skill      XL: |  1  2  3 |
---------------+----------+-----
Axes           | 3 4 5 |  5.6
Fighting       | |  3.6
Armour         | |  3.6
Shields        | |  3.6

Action                     |  1- 3 |  4- 6 || total
---------------------------+-------+-------++-------
  Melee: War axe           |    71 |    14 ||    85
         Headbutt          |     7 |     3 ||    10
 Armour: Scale mail        |    27 |     6 ||    33
  Dodge: Dodged            |    35 |     7 ||    42
  Block: Buckler           |    16 |     2 ||    18

Table legend: (Time is in decaauts)
 A = Elapsed time spent in this place.
 B = Non-inter-level travel time spent in this place.
 C = Inter-level travel time spent in this place.
 D = Time resting spent in this place.
 E = Time spent auto-exploring this place.
 F = Levels seen in this place.
 G = Mean time per level.
                   A        B        C        D        E       F      G
               +--------+--------+--------+--------+--------+-----+--------+
         Total |   1813 |   1775 |     38 |    110 |   1365 |   3 |  604.3 |
       Dungeon |   1813 |   1775 |     38 |    110 |   1365 |   3 |  604.3 |
               +--------+--------+--------+--------+--------+-----+--------+

Top non-repeatable levels by time:
     D:1: 851 daAuts
     D:2: 808 daAuts
     D:3: 153 daAuts
